 Dungeon Crawl Stone Soup version 0.31.0-4-g52a2dc7128 (webtiles) character file.

Game seed: 15749202442749105230

135379 Pooter the Severer (level 16, 0/220 (235) HPs)
             Began as a Minotaur Berserker on Jan 22, 2024.
             Was a High Priest of Trog.
             Slain by a naga ritualist
             ... wielding a +0 battleaxe
              (13 damage)
             ... on level 2 of the Snake Pit.
             The game lasted 02:21:41 (37807 turns).

Pooter the Severer (Minotaur Berserker)            Turns: 37807, Time: 02:21:42

HP:   0/220 (235)   AC: 29    Str: 30    XL:     16   Next: 64%
MP:   15/15         EV:  8    Int:  6    God:    Trog [*****.]
Gold: 241           SH:  5    Dex: 11    Spells: 15/15 levels left

rFire   . . .        a - +2 battleaxe (heavy)
rCold   . . .        (shield currently unavailable)
rNeg    . . .        F - +8 plate armour
rPois   +            E - +2 hat {Will+}
rElec   .            B - +0 cloak {rPois}
rCorr   .            q - +2 pair of gloves {Str+3}
SInv    .            (no boots)
Will    ++++.        M - amulet of reflection Stlth
                     P - ring of poison resistance
HPRegen 1.56/turn    j - +4 ring of slaying
MPRegen 0.14/turn

%: reflection
@: berserking (expiring), lethally poisoned (0 -> -15), strong-willed,
regenerating, drained, very quick
A: horns 2, retaliatory headbutt
a: Renounce Religion, Berserk, Trog's Hand, Brothers in Arms


You were on level 2 of the Snake Pit.
You worshipped Trog.
Trog was extremely pleased with you.
You visited 5 branches of the dungeon, and saw 25 of its levels.
You also visited: Gauntlet.

You collected 3048 gold pieces.
You spent 2807 gold pieces at shops.

Inventory:

Hand Weapons
 a - a +2 heavy battleaxe (weapon)
   (You took it off an orc knight on level 2 of the Orcish Mines)
 b - a +4 longbow of flaming
   (You took it off Nessos on level 2 of the Orcish Mines)
 s - a +4 battleaxe
   (You took it off an orc knight on level 2 of the Orcish Mines)
 w - a +2 battleaxe of flaming
   (Trog gifted it to you on level 12 of the Dungeon)
 W - the +9 flail of the Eternal Void {holy, Str+3 Stlth+}
   (You took it off a minotaur in a Gauntlet)

   Str+3:     It affects your strength (+3).
   Stlth+:    It makes you more stealthy.
Missiles
 k - 65 poisoned darts
 p - 3 atropa-tipped darts
 v - 19 boomerangs (quivered)
 T - 5 silver javelins
Armour
 q - a +2 pair of gloves of strength (worn)
   (You bought it in a shop on level 2 of the Orcish Mines)
 B - a +0 cloak of poison resistance (worn)
   (You found it in a Gauntlet)
 E - a +2 hat of willpower (worn)
   (You took it off Gastronok on level 1 of the Lair of Beasts)
 F - a +8 plate armour (worn)
   (You took it off an orc warrior on level 8 of the Dungeon)
Jewellery
 j - a +4 ring of slaying (right hand)
   (You bought it in a shop on level 2 of the Orcish Mines)
 n - the ring of Zeyhatai {+Blink rN+ EV+5 Int+3}
   (You found it in a Gauntlet)

   [ring of evasion]

   EV+5:      It affects your evasion (+5).
   Int+3:     It affects your intelligence (+3).
   rN+:       It protects you from negative energy.
   +Blink:    It lets you blink.
 J - a +4 ring of protection
   (You found it on level 8 of the Dungeon)
 L - a +6 ring of strength
   (You bought it in a shop on level 6 of the Dungeon)
 M - an amulet of reflection (around neck)
   (You found it on level 11 of the Dungeon)
 O - a +5 ring of evasion
   (You found it on level 2 of the Lair of Beasts)
 P - a ring of poison resistance (left hand)
   (You bought it in a shop on level 1 of the Depths)
 Q - the ring of Lilulom {Str+4 Int+3 Dex+6}
   (You found it in a Gauntlet)

   [ring of dexterity]

   Str+4:     It affects your strength (+4).
   Int+3:     It affects your intelligence (+3).
   Dex+6:     It affects your dexterity (+6).
 S - a ring of see invisible
   (You found it on level 4 of the Lair of Beasts)
Wands
 d - a wand of iceblast (23)
   (You found it on level 5 of the Dungeon)
 f - a wand of flame (30)
   (You found it on level 3 of the Dungeon)
 y - a wand of charming (5)
   (You found it on level 3 of the Lair of Beasts)
 D - a wand of digging (8)
   (You found it on level 11 of the Dungeon)
 H - a wand of quicksilver (4)
   (You found it on level 7 of the Dungeon)
 V - a wand of polymorph (5)
   (You found it on level 3 of the Lair of Beasts)
Scrolls
 c - 4 scrolls of immolation {!r}
 h - 4 scrolls of noise {!r}
 i - 10 scrolls of identify {@r1}
 t - 9 scrolls of teleportation {@r4}
 A - 4 scrolls of revelation
 I - a scroll of poison {!r}
 N - a scroll of fog
 U - 3 scrolls of vulnerability {!r}
 X - 2 scrolls of silence
Potions
 e - 7 potions of might
 g - 4 potions of lignification {!q}
 l - 8 potions of heal wounds {@q2}
 m - 2 potions of resistance
 o - 3 potions of enlightenment
 u - 13 potions of curing {@q1}
 x - 2 potions of cancellation
 C - 2 potions of haste {@q3}
 G - a potion of mutation {!q}
 K - 2 potions of attraction {!q}
 R - a potion of invisibility
Miscellaneous
 z - a phial of floods
   (You found it in a Gauntlet)
 Y - a sack of spiders
   (You found it on level 5 of the Lair of Beasts)


   Skills:
 + Level 17.9 Fighting
 - Level 20.6 Axes
 * Level 18.3 Ranged Weapons
 + Level 10.4 Armour
 - Level 2.1 Dodging
 + Level 7.6 Evocations


You had 15 spell levels left.
You didn't know any spells.
Your spell library was empty.

Dungeon Overview and Level Annotations

Branches:
Dungeon (15/15) Zot: 24952  Temple (0/1) D:4            Lair (5/5) D:11 Zot: 21845
 Shoals (0/4) Lair:3        Snake (2/4) Lair:3 Zot: 8878   Slime (0/5) Lair:5
    Orc (2/2) D:10 Zot: 7227     Elf (0/3) Orc:2        Vaults (0/5) D:14
 Depths (1/4) D:15 Zot: 4481 Gauntlet (visited)

Altars:
Dithmenos
Elyvilon
Gozag
Okawaru
Qazlal
Sif Muna
Uskayaw
Vehumet
Yredelemnul
The Shining One
Jiyva

Shops:
D:6 *   D:11 (   D:14 *   Orc:2 [?(*=   Depths:1 =

Portals:
Hell: Depths:1
Pandemonium: Depths:1
Trove: D:15 (give +4 ice dragon scales)


Innate Abilities, Weirdness & Mutations

You have a pair of horns on your head.
You reflexively headbutt those who attack you in melee.


Message History

You are more poisoned.
The naga sharpshooter shoots an arrow.
The arrow hits you!
* * * LOW HITPOINT WARNING * * *
You feel drained.
* * * LOW HITPOINT WARNING * * *
The nagaraja hits you but does no damage.
The nagaraja barely misses you. The black mamba misses you.
A red film seems to cover your vision as you go berserk!
You feel yourself moving faster!
You feel mighty!
You feel very sick.
* * * LOW HITPOINT WARNING * * *
You are more poisoned.
You block the black mamba's attack.
The naga sharpshooter casts a spell.
The naga sharpshooter magically shoots an arrow.
The arrow hits you but does no damage.
You feel drained.
The nagaraja hits you but does no damage.
The nagaraja grabs you. The nagaraja constricts you.
* * * LOW HITPOINT WARNING * * *
The black mamba bites you but does no damage.
The nagaraja's grasp on you weakens, but your attempt to escape fails.
You feel a strong urge to attack something.
You feel sick.
* * * LOW HITPOINT WARNING * * *
You are more poisoned.
The nagaraja casts a spell at you. The poison arrow hits you!
You are more poisoned.
You partially resist.
* * * LOW HITPOINT WARNING * * *
The nagaraja constricts you.
The naga sharpshooter spits poison at you.
The splash of poison hits you but does no damage.
You resist. The black mamba bites you!
* * * LOW HITPOINT WARNING * * *
You escape the nagaraja's grasp.
You feel very sick.
You are more poisoned.
The black mamba attacks as it pursues you!
You block the black mamba's attack.
You feel your anger nearly subside.
You feel very sick.
The naga sharpshooter shoots an arrow.
The arrow hits you!
* * * LOW HITPOINT WARNING * * *
You feel drained.
* * * LOW HITPOINT WARNING * * *
The black mamba attacks as it pursues you!
The black mamba bites you but does no damage.
The naga ritualist attacks as it pursues you!
The naga ritualist hits you with a +0 battleaxe!
You die...

#..............#...
##.............####.
##............#####..
#.........#....##....
.....)...##.......#.
#NN.........#......
##...........#...#..
#...................
#..@.............##.
#.NS.....#......###<
#..N†)).........#..#
#.......)#.........#
..............###...#..
.....##.................
..... ...#....##.... #..
................... .#.
#..#....#......###. .


You could see a nagaraja, a naga sharpshooter (strong, catching breath,
drained), a naga ritualist (toxic aura), a black mamba and a naga.

Vanquished Creatures
  Jorgrun (D:15)
  Gastronok (Lair:1)
  Agnes (D:14)
  Kirke (Lair:3)
  A nagaraja (Snake:1)
  A stone giant (Depths:1)
  5 very ugly things (Depths:1)
  Nessos (Orc:2)
  A minotaur (Gauntlet)
  A dire elephant (Gauntlet)
  Josephine (Orc:1)
  2 ettins
  Erolcha (D:9)
  A vault guard (D:15)
  7 hydras
  A catoblepas (Lair:4)
  7 centaur warriors
  5 anacondas
  Erica (D:9)
  2 naga warriors
  3 boulder beetles (D:12)
  3 two-headed ogres
  6 death yaks
  2 deep troll earth magi (Depths:1)
  2 tengu warriors
  3 naga sharpshooters
  5 orc high priests (Orc:2)
  2 shock serpents (Snake:2)
  A hell knight (D:15)
  3 skysharks
  4 skeletal warriors
  A goliath frog (Lair:5)
  A salamander mystic (Snake:1)
  3 deep trolls (Depths:1)
  Lodul (D:14)
  2 mana vipers (Snake:2)
  2 necromancers (D:15)
  10 orc knights
  An orc sorcerer (Orc:2)
  A wolf spider (D:12)
  14 ugly things
  2 deep elf pyromancers
  3 manticores
  An oklob plant (Lair:5)
  Joseph (D:10)
  11 cyclopes
  3 meliai (D:13)
  An elephant (shapeshifter) (D:15)
  13 black mambas
  A worldbinder (Gauntlet)
  An eye of devastation (Lair:5)
  15 elephants
  A naga mage (Snake:1)
  22 cane toads
  4 kobold blastminers
  Maggie (D:6)
  2 rime drakes
  3 unseen horrors
  A rime drake (shapeshifter) (D:14)
  A yaktaur (D:13)
  2 tengu conjurers
  A freezing wraith (D:15)
  14 komodo dragons
  2 tyrant leeches (Lair:5)
  3 trolls
  A polar bear (Lair:1)
  Grinder (D:6)
  A hornet (D:9)
  A raiju (Gauntlet)
  A raiju (shapeshifter) (D:15)
  A glass eye (Lair:5)
  16 blink frogs
  9 dream sheep
  20 slime creatures
  4 wyverns
  5 wraiths
  3 vampires (D:12)
  2 water elementals (Depths:1)
  54 yaks
  4 wargs
  6 hogs (Lair:3)
  16 humans (D:14)
  5 basilisks
  A hog (shapeshifter) (D:12)
  Grum (Lair:1)
  6 steam dragons
  8 vampire mosquitoes
  13 nagas
  2 acid dragons
  13 water moccasins
  2 ice beasts
  32 orc warriors
  A black bear (Lair:3)
  6 ogres
  6 laughing skulls
  3 boggarts (Gauntlet)
  3 wolves (Lair:1)
  13 centaurs
  5 phantoms
  2 kobold brigands
  20 bullfrogs
  A gnoll sergeant (D:10)
  4 scorpions
  8 wights
  12 killer bees
  A howler monkey (D:6)
  2 electric eels
  A jelly (D:7)
  3 hounds
  3 bombardier beetles
  31 orc priests
  A sleepcap (D:5)
  A human skeleton (D:4)
  A gnoll bouda (D:4)
  3 iguanas
  15 orc wizards
  4 gnolls
  2 adders (D:5)
  A shadow imp (D:8)
  3 white imps
  A dart slug (D:3)
  5 ribbon worms
  60 orcs
  4 bats
  9 endoplasms
  3 giant cockroaches
  9 goblins
  11 hobgoblins
  17 kobolds
  3 quokkas
  8 ball pythons
  3 frilled lizards
  A jackal skeleton (D:4)
  7 rats
746 creatures vanquished.

Vanquished Creatures (collateral kills)
  2 killer bees (D:10)
2 creatures vanquished.

Vanquished Creatures (others)
  A human (Lair:3)
  An orc warrior (Orc:2)
  A killer bee (D:10)
  An orc wizard (Orc:2)
4 creatures vanquished.

Grand Total: 752 creatures vanquished

Notes
Turn   | Place    | Note
-------+----------+-------------------------------------------
     0 | D:1      | Pooter the Minotaur Berserker began the quest for the Orb.
     0 | D:1      | Reached XP level 1. HP: 19/19 MP: 0/0
    36 | D:1      | Reached skill level 4 in Axes
    93 | D:1      | Reached XP level 2. HP: 27/27 MP: 1/1
  1241 | D:2      | Reached XP level 3. HP: 21/33 MP: 2/2
  1398 | D:2      | Reached skill level 1 in Ranged Weapons
  1464 | D:2      | Found a faded altar of an unknown god.
  1619 | D:2      | Found a hide-covered altar of Uskayaw.
  1975 | D:3      | Reached ** piety under Trog
  2063 | D:3      | Noticed an ogre
  2073 | D:3      | Killed an ogre
  2074 | D:3      | Reached skill level 5 in Axes
  2074 | D:3      | Reached XP level 4. HP: 41/41 MP: 3/3
  2077 | D:3      | Reached XP level 5. HP: 47/47 MP: 4/4
  2862 | D:4      | Found a staircase to the Ecumenical Temple.
  2924 | D:4      | Reached skill level 6 in Axes
  3033 | D:4      | Noticed an ogre
  3038 | D:4      | Killed an ogre
  3039 | D:4      | Reached skill level 5 in Fighting
  3039 | D:4      | Reached XP level 6. HP: 56/56 MP: 5/5
  3319 | D:4      | Reached skill level 7 in Axes
  3504 | D:4      | Reached XP level 7. HP: 28/62 MP: 6/6
  3890 | D:4      | Reached *** piety under Trog
  3953 | D:4      | Found a runed translucent door.
  3957 | D:4      | Noticed a human
  3970 | D:4      | Found a basalt altar of Yredelemnul.
  4227 | D:5      | Entered Level 5 of the Dungeon
  4325 | D:5      | Reached skill level 8 in Axes
  4762 | D:5      | Found a radiant altar of Vehumet.
  4785 | D:5      | Reached XP level 8. HP: 46/71 MP: 7/7
  4807 | D:5      | Found a glowing golden altar of the Shining One.
  4872 | D:5      | Reached skill level 9 in Axes
  4988 | D:5      | Found a shimmering blue altar of Sif Muna.
  5312 | D:6      | Noticed Grinder
  5336 | D:6      | Killed Grinder
  5337 | D:6      | Reached skill level 5 in Ranged Weapons
  5544 | D:6      | Noticed Maggie
  5613 | D:6      | Reached skill level 10 in Axes
  5620 | D:6      | Killed Maggie
  5729 | D:6      | Reached XP level 9. HP: 81/81 MP: 8/8
  6184 | D:6      | Found Caugier's General Store.
  6188 | D:6      | Bought a potion of heal wounds for 55 gold pieces
  6188 | D:6      | Bought a potion of might for 44 gold pieces
  6188 | D:6      | Bought a +6 ring of strength for 396 gold pieces
  6188 | D:6      | Bought a scroll of enchant armour for 82 gold pieces
  6188 | D:6      | Bought a scroll of identify for 22 gold pieces
  6442 | D:7      | Reached skill level 11 in Axes
  6807 | D:7      | Found a white marble altar of Elyvilon.
  7296 | D:8      | Reached skill level 12 in Axes
  7613 | D:8      | Found a stormy altar of Qazlal.
  7695 | D:8      | Found an iron altar of Okawaru.
  8495 | D:9      | Reached XP level 10. HP: 91/91 MP: 9/9
  8710 | D:9      | Reached skill level 13 in Axes
  8956 | D:9      | Noticed a two-headed ogre
  8977 | D:9      | Killed a two-headed ogre
  9253 | D:9      | Reached skill level 10 in Fighting
  9909 | D:9      | Noticed Erolcha
  9918 | D:9      | Killed Erolcha
  9919 | D:9      | Reached skill level 14 in Axes
 10067 | D:9      | Noticed Erica
 10078 | D:9      | Killed Erica
 10305 | D:10     | Entered Level 10 of the Dungeon
 10309 | D:10     | Noticed Joseph
 10608 | D:10     | Killed Joseph
 10646 | D:10     | Noticed a manticore
 10659 | D:10     | Killed a manticore
 10660 | D:10     | Reached XP level 11. HP: 65/101 MP: 3/10
 11497 | D:10     | Found a staircase to the Orcish Mines.
 11512 | D:10     | Reached skill level 15 in Axes
 11698 | D:10     | Found a shadowy altar of Dithmenos.
 11701 | D:10     | Identified the +0 leather armour of Daisies {rF- rN+ rCorr
                  | Str+4 Slay-2}
 11809 | Orc:1    | Entered Level 1 of the Orcish Mines
 11849 | Orc:1    | Noticed an orc knight
 11850 | Orc:1    | Noticed an orc knight
 12025 | D:10     | Killed an orc knight
 12496 | Orc:1    | Killed an orc knight
 12497 | Orc:1    | Reached skill level 10 in Ranged Weapons
 12675 | Orc:1    | Noticed Josephine
 12704 | Orc:1    | Killed Josephine
 12705 | Orc:1    | Reached skill level 16 in Axes
 13093 | Orc:2    | Entered Level 2 of the Orcish Mines
 13168 | Orc:2    | Found Zoal's Jewellery Shop.
 13177 | Orc:2    | Noticed Nessos
 13197 | Orc:2    | Killed Nessos
 13200 | Orc:2    | Noticed an orc sorcerer
 13319 | Orc:2    | Killed an orc sorcerer
 13329 | Orc:2    | Reached XP level 12. HP: 99/113 MP: 11/11
 13444 | Orc:2    | Found a staircase to the Elven Halls.
 14028 | Orc:2    | Reached skill level 17 in Axes
 14428 | Orc:2    | Noticed an orc high priest
 14459 | Orc:2    | Killed an orc high priest
 15563 | Orc:2    | Noticed an orc high priest
 15570 | Orc:2    | Killed an orc high priest
 15681 | Orc:2    | Noticed an orc high priest
 15694 | Orc:2    | Killed an orc high priest
 15989 | Orc:2    | Reached skill level 18 in Axes
 16007 | Orc:2    | Noticed an orc high priest
 16013 | Orc:2    | Killed an orc high priest
 16296 | Orc:2    | Noticed an orc high priest
 16302 | Orc:2    | Killed an orc high priest
 16898 | Orc:2    | Found Wenofac's Assorted Antiques.
 16898 | Orc:2    | Found Qanihureq's Antique Weapon Boutique.
 16899 | Orc:2    | Found Wanwem's Magic Scroll Shop.
 16899 | Orc:2    | Found Assaerac's Antique Armour Boutique.
 16906 | Orc:2    | Bought a scroll labelled FAQUEXZUECIEW for 35 gold pieces
 16906 | Orc:2    | Bought a viscous orange potion for 31 gold pieces
 16907 | Orc:2    | Bought a scroll of identify for 24 gold pieces
 16907 | Orc:2    | Bought a scroll of identify for 24 gold pieces
 16907 | Orc:2    | Bought a scroll of revelation for 90 gold pieces
 16907 | Orc:2    | Bought a scroll of identify for 24 gold pieces
 16913 | Orc:2    | Bought an embroidered cloak for 262 gold pieces
 16927 | Orc:2    | Bought a pair of embroidered gloves for 262 gold pieces
 16957 | Orc:2    | Bought a scroll of teleportation for 36 gold pieces
 16957 | Orc:2    | Bought a scroll of teleportation for 36 gold pieces
 16957 | Orc:2    | Bought a scroll of poison for 48 gold pieces
 17286 | D:11     | Noticed a two-headed ogre
 17292 | D:11     | Killed a two-headed ogre
 17431 | D:11     | Reached XP level 13. HP: 71/123 MP: 12/12
 17431 | D:11     | Reached **** piety under Trog
 18026 | D:11     | Found a staircase to the Lair.
 18155 | D:11     | Found Bumox's Antique Weapon Boutique.
 18580 | Lair:1   | Entered Level 1 of the Lair of Beasts
 18591 | D:11     | Reached skill level 19 in Axes
 19850 | Lair:1   | Noticed Grum
 19856 | Lair:1   | Killed Grum
 19904 | Lair:1   | Noticed Gastronok
 19918 | Lair:1   | Killed Gastronok
 21536 | Lair:2   | Reached skill level 20 in Axes
 22313 | Lair:3   | Reached skill level 15 in Fighting
 22341 | Lair:3   | Found a staircase to the Shoals.
 22372 | Lair:3   | Noticed Kirke
 22389 | Lair:3   | Killed Kirke
 22390 | Lair:3   | Reached XP level 14. HP: 135/135 MP: 13/13
 22725 | Lair:3   | Found a staircase to the Snake Pit.
 23564 | Lair:4   | Reached skill level 1 in Evocations
 23852 | Lair:4   | Reached ***** piety under Trog
 24604 | Lair:5   | Entered Level 5 of the Lair of Beasts
 24931 | Lair:5   | Reached skill level 5 in Armour
 25040 | Lair:5   | Received a gift from Trog
 25174 | Lair:5   | Reached skill level 15 in Ranged Weapons
 25271 | Lair:5   | Found a staircase to the Slime Pits.
 25797 | Lair:5   | Found a viscous altar of Jiyva.
 26266 | Lair:5   | Identified the +6 dagger of the Growing Soothsayer {freeze,
                  | Int+2}
 26386 | Lair:5   | Reached XP level 15. HP: 144/144 MP: 14/14
 28187 | D:12     | Reached skill level 5 in Evocations
 28188 | D:12     | Received a gift from Trog
 29479 | Orc:2    | Bought a +4 ring of slaying for 936 gold pieces
 29594 | D:14     | Noticed Lodul
 29594 | D:14     | Found a gate to the Vaults.
 29594 | D:14     | Found a gate leading to a gauntlet.
 29600 | D:14     | Killed Lodul
 29678 | Gauntlet | Entered a Gauntlet
 29678 | Gauntlet | Found a transporter.
 29678 | Gauntlet | Found a transporter.
 29699 | Gauntlet | Found a transporter.
 29715 | Gauntlet | Found a transporter.
 29730 | Gauntlet | Found a transporter.
 29734 | Gauntlet | Found a transporter.
 29790 | Gauntlet | Identified the ring of Lilulom {Str+4 Int+3 Dex+6}
 29798 | Gauntlet | Found a transporter.
 29821 | Gauntlet | Identified the ring of the Sufficient God {Ice MP-9 Str+3
                  | Int+7}
 29828 | Gauntlet | Identified the +9 flail of the Eternal Void {holy, Str+3
                  | Stlth+}
 29878 | Gauntlet | Identified the +1 ring mail of Hydgha {-Tele Fly rElec rN+
                  | Str+2}
 29894 | Gauntlet | Identified the ring of Zeyhatai {+Blink rN+ EV+5 Int+3}
 29920 | Gauntlet | Found a transporter.
 30339 | D:14     | Found a glowing golden altar of the Shining One.
 30383 | D:14     | Found Gozag's Platinum Reserve.
 30512 | D:14     | Found an opulent altar of Gozag.
 30534 | D:14     | Noticed Agnes
 30541 | D:14     | Killed Agnes
 31064 | D:15     | Entered Level 15 of the Dungeon
 31441 | D:15     | Found a staircase to the Depths.
 31442 | D:15     | Noticed Jorgrun
 31450 | D:15     | Killed Jorgrun
 31504 | D:15     | Reached XP level 16. HP: 155/155 MP: 15/15
 32413 | D:15     | Found a portal to a secret trove of treasure.
 33003 | Depths:1 | Entered Level 1 of the Depths
 33998 | Depths:1 | Found a stormy altar of Qazlal.
 34428 | Depths:1 | Found Zibutoaps's Jewellery Emporium.
 34437 | Depths:1 | Bought a ring of poison resistance for 400 gold pieces
 34445 | Depths:1 | Found a one-way gate leading to the halls of Pandemonium.
 34501 | Depths:1 | Found a gateway to Hell.
 34688 | Snake:1  | Entered Level 1 of the Snake Pit
 35623 | Snake:1  | You fall into a shaft and drop 1 floor!
 35638 | Snake:2  | Reached skill level 10 in Armour
 37807 | Snake:2  | Slain by a naga ritualist

Illustrated notes

Levels and vault maps discovered:
D:1:      mrwooster_arrival_arrow, layout_basic, serial_forest,
          infiniplex_forest_lined_room_, infiniplex_forest_clump_C,
          infiniplex_forest_straight_3, infiniplex_forest_zigzag_2,
          infiniplex_forest_straight_5, infiniplex_forest_split,
          infiniplex_forest_end_3, minmay_misc_feat_tower
D:2:      layout_basic, serial_aquarium, aquarium_bridge_island_small
          [aquarium_subvault_small_water, aquarium_subvault_balcony,
          aquarium_subvault_bridge, aquarium_subvault_bridge,
          aquarium_subvault_bridge], aquarium_window_1, aquarium_window_fake,
          aquarium_view_2b, aquarium_balcony_3b, aquarium_pool_corner,
          hellmonk_ecumenical_altar_crossroads, basic_altar
D:3:      layout_loops_ring
D:4:      minmay_polygon_palace, layout_cave_pools, dk_yredelemnul_ordeal,
          minmay_temple_entry_trees, hangedman_decor_push
D:5:      layout_loops_corners, mainiacjoe_overflow_swirl, led_sif_pool,
          nicolae_underground_beach
D:6:      layout_loops_ring, serial_shops, shop, uniq_grinder, uniq_maggie
D:7:      layout_basic, kennysheep_mini_moat
D:8:      layout_rooms, nicolae_overflow_crystal_walls,
          mainiacjoe_overflow_brackets
D:9:      layout_long_grid, uniq_erolcha, uniq_erica
D:10:     layout_cave_pools, grunt_dithmenos_smoke, orc_0_dummy, uniq_joseph
D:11:     minmay_bloctagon_deflated, layout_irregular_city,
          grunt_lair_entry_orc_guard_hut, serial_shops,
          nicolae_shop_rolling_square
D:12:     minmay_inside_and_out, layout_loops_corners, serial_glass,
          glass_columns_a, glass_columns_b
D:13:     layout_layer_cave
D:14:     layout_roguey, david_vaults_3, gauntlet_entry_generic, tso_metal_star,
          nicolae_gozag_zags_fifth_avenue, uniq_agnes
D:15:     hangedman_depths_entry_civil_slaughter, layout_loops_ring,
          enter_trove_5, uniq_jorgrun
Lair:1:   layout_cave_pods, serial_bayou_shore_a, uniq_grum, uniq_gastronok
Lair:2:   layout_regular_city, beast_lair_carwin_9, grunt_megastairs_3
Lair:3:   layout_small_grid, shoals_dummy_entry, nicolae_snake_entry_squirm,
          serial_bayou_shore_b, uniq_kirke
Lair:4:   layout_cave_pods
Lair:5:   minmay_lair_end_frog_pond, layout_hall_layers, minmay_slime_entry_eyes
Snake:1:  layout_layer_cave, grunt_megastairs_2, serial_bayou_shore_b
Snake:2:  nicolae_aizul_guard, layout_onion_interference, basic_altar,
          serial_shops, nicolae_shop_behind_doors, drop_trap,
          nicolae_large_snake_swirl, uniq_azrael
Orc:1:    layout_caves, uniq_josephine
Orc:2:    st_orc_pillars, layout_diamond_mine, minmay_shop_enchanted_jewellery,
          uniq_nessos
Depths:1: layout_gridlike, enter_ziggurat_e, hell_entry, serial_shops,
          shop_fountains, nicolae_qazlal_general_emergency, pan_entry,
          kennysheep_generic_room_8

Skill      XL: |  1  2  3  4  5  6  7  8  9 10 11 12 13 14 15 16 |
---------------+-------------------------------------------------+-----
Axes           | 4 5 6 7 8 10 12 14 16 18 20 | 20.6
Fighting       | 4 5 6 8 9 10 12 13 15 16 17 | 17.9
Ranged Weapons | 2 3 4 6 7 9 10 12 13 15 17 18 | 18.3
Evocations     | 4 6 7 |  7.6
Armour         | 6 9 10 | 10.4
Dodging        | |  2.1

Action                     |  1- 3 |  4- 6 |  7- 9 | 10-12 | 13-15 | 16-18 || total
---------------------------+-------+-------+-------+-------+-------+-------++-------
  Melee: Hand axe          |    72 |    13 |       |       |       |       ||    85
         Headbutt          |    14 |    12 |    28 |    66 |   103 |    22 ||   245
         Punch             |     2 |       |       |       |       |       ||     2
         War axe           |       |    48 |   120 |       |       |       ||   168
         Battleaxe         |       |       |    54 |   344 |   521 |   129 ||  1048
   Fire: Sling             |    24 |    41 |    48 |       |       |       ||   113
         Shortbow          |       |       |     9 |    22 |       |       ||    31
         Arbalest          |       |       |       |    78 |       |       ||    78
         Longbow           |       |       |       |    92 |   315 |    99 ||   506
  Throw: Boomerang         |       |       |    11 |     7 |     5 |       ||    23
 Invoke: Berserk           |     2 |     2 |     6 |    20 |    11 |     1 ||    42
         Trog's Hand       |       |     2 |     6 |    28 |    15 |     6 ||    57
  Evoke: Wand              |       |       |     4 |    17 |     6 |       ||    27
    Use: Scroll            |     4 |       |    13 |    10 |    12 |     3 ||    42
         Potion            |       |       |       |     2 |       |     3 ||     5
 Armour: Animal skin       |    41 |     3 |       |       |       |       ||    44
         Ring mail         |       |    33 |     5 |       |       |       ||    38
         Troll leather arm |       |       |    97 |       |       |       ||    97
         Plate armour      |       |       |    70 |   429 |   566 |   188 ||  1253
  Dodge: Dodged            |    38 |    44 |    93 |   157 |   278 |    55 ||   665
  Block: Other             |       |       |       |       |   126 |    34 ||   160
         Reflection        |       |       |       |       |     9 |     4 ||    13
